 Dungeon Crawl Stone Soup version 0.24.1 (console) character file.

Game seed: 4361048269993345135, levelgen mode: deterministic

184 Kloppie the Skirmisher (level 5, -3/57 HPs)
             Began as a Halfling Fighter on Mar 30, 2020.
             Succumbed to an orc wizard's poison
             ... on level 3 of the Dungeon.
             The game lasted 00:08:42 (1906 turns).

Kloppie the Skirmisher (Halfling Fighter)           Turns: 1906, Time: 00:08:42

Health: -3/57      AC: 22    Str: 18    XL:     5   Next: 95%
Magic:  5/5        EV:  3    Int:  6    God:
Gold:   106        SH:  0    Dex: 14    Spells: 4/4 levels left

rFire    . . .     SeeInvis .   a - +0 long sword
rCold    . . .     Gourm    .   (shield restricted)
rNeg     + + +     Faith    .   (armour currently unavailable)
rPois    +         Spirit   .   (helmet currently unavailable)
rElec    .         Reflect  .   (cloak currently unavailable)
rCorr    .         Harm     .   (gloves currently unavailable)
MR       .....     NoTele   +   (boots currently unavailable)
Stlth    +.........             (no amulet)
HPRegen  0.19/turn              (no ring)
MPRegen  0.09/turn              (no ring)

@: lethally poisoned (-3 -> -34), tree-form
A: small, mutation resistance 1
a: no special abilities


You were on level 3 of the Dungeon.
You were hungry.
You were a tree.
You visited 1 branch of the dungeon, and saw 3 of its levels.

You collected 106 gold pieces.

Inventory:

Hand Weapons
 a - a +0 long sword (weapon)
Armour
 b - a +0 scale mail (melded)
 c - a +0 shield
 l - a +0 plate armour
Scrolls
 e - 5 scrolls of identify {unknown}
 g - a scroll of magic mapping {unknown}
 i - 3 scrolls of remove curse {unknown}
 j - 2 scrolls of teleportation {unknown}
 k - a scroll of amnesia {unknown}
Potions
 d - a potion of might
Comestibles
 f - 3 rations


   Skills:
 + Level 4.3 Fighting
 + Level 4.2 Long Blades
 - Level 3.2 Armour
 - Level 3.2 Shields


You had 4 spell levels left.
You didn't know any spells.
Your spell library was empty.

Dungeon Overview and Level Annotations

Branches:
Dungeon (3/15)

Altars:
Gozag
Hepliaklqana


Innate Abilities, Weirdness & Mutations

You are small and have problems with some larger weapons.
You are somewhat resistant to further mutation.


Message History

The orc wizard is severely wounded.
You hit the orc wizard.
The orc wizard is almost dead.
* * * LOW HITPOINT WARNING * * *
You feel very sick.
The orc wizard hits you but does no damage.
You are more poisoned.
The orc wizard mumbles some strange words.
The orc wizard blinks!
You cannot move.
You cannot move.
* * * LOW HITPOINT WARNING * * *
You feel very sick.
* * * LOW HITPOINT WARNING * * *
You feel very sick.
The orc wizard hits you but does no damage. x2
You slash the orc wizard!
You kill the orc wizard!
You feel yourself speed up.
You die...

#################.#
#.♣...........<....
^######)###############.#
........†.......#
........#######.#
######### #.#######.
#.<..).... ##########


There were no monsters in sight!

Vanquished Creatures
  An orc priest (D:3)
  2 orc wizards
  A gnoll (D:2)
  4 adders
  2 dart slugs (D:1)
  6 orcs
  5 bats
  3 giant cockroaches
  5 hobgoblins
  6 frilled lizards
  5 goblins
  5 kobolds
  3 rats (D:1)
48 creatures vanquished.

Vanquished Creatures (others)
  A goblin (D:2)
1 creature vanquished.

Grand Total: 49 creatures vanquished

Notes
Turn   | Place    | Note
-------+----------+-------------------------------------------
     0 | D:1      | Kloppie the Halfling Fighter began the quest for the Orb.
     0 | D:1      | Reached XP level 1. HP: 15/15 MP: 1/1
    86 | D:1      | Reached XP level 2. HP: 18/20 MP: 2/2
   214 | D:1      | Reached XP level 3. HP: 26/26 MP: 3/3
   547 | D:2      | Found a hazy altar of Hepliaklqana.
  1004 | D:2      | Reached XP level 4. HP: 27/31 MP: 4/4
  1009 | D:2      | Found an opulent altar of Gozag.
  1581 | D:2      | Reached XP level 5. HP: 20/37 MP: 5/5
  1905 | D:3      | HP: 1/55 [poisoned by an orc wizard]
  1906 | D:3      | Succumbed to an orc wizard's poison

Levels and vault maps discovered:
D:1:      dpeg_arrival_pits, layout_rooms
D:2:      layout_loops_cross, overflow_temple_1_default,
          nicolae_gozag_cash_rules_everything_around_me
D:3:      layout_loops_ring, kennysheep_generic_room_14, uniq_ijyb, uniq_sigmund

Skill      XL: |  1  2  3  4  5 |
---------------+----------------+-----
Fighting       | 3 4 |  4.3
Long Blades    | 3 4 |  4.2
Armour         | |  3.2
Shields        | |  3.2

Action                   |  1- 3 |  4- 6 || total
-------------------------+-------+-------++-------
Melee: Long sword        |    96 |    71 ||   167
  Use: Potion            |     1 |     1 ||     2
  Eat: Chunk             |       |     3 ||     3
Armor: Scale mail        |    49 |    25 ||    74
       Skin              |       |     6 ||     6
Dodge: Dodged            |    73 |    50 ||   123
       Rpst.: Long sword |    22 |     9 ||    31
